 Dungeon Crawl Stone Soup version 0.28-a0-1184-g53156a8862 (webtiles) character file.

Game seed: 6506500650158702043

106 frimble the Grasshopper (level 4, -3/34 HPs)
             Began as a Demonspawn Warper on Dec 18, 2021.
             Slain by an orc (5 damage)
             ... on level 3 of the Dungeon.
             The game lasted 00:03:54 (3770 turns).

frimble the Grasshopper (Demonspawn Warper)         Turns: 3770, Time: 00:03:55

Health: -3/34      AC:  8    Str: 12    XL:     4   Next: 55%
Magic:  5/7        EV: 12    Int: 16    God:
Gold:   101        SH:  0    Dex: 12    Spells: 5/7 levels left

rFire   . . .      SeeInvis +   a - +0 short sword
rCold   . . .      Faith    .   (no shield)
rNeg    . . .      Spirit   .   b - +0 leather armour
rPois   .          Reflect  .   (no helmet)
rElec   .          Harm     .   h - +0 cloak
rCorr   .          Rampage  .   f - +2 pair of gloves
Will    .....                   n - +0 pair of boots
Stlth   +.........              (no amulet)
HPRegen 0.11/turn               e - ring of see invisible
MPRegen 0.10/turn               (no ring)

@: mighty, on blink cooldown
A: sturdy frame 1, demonic magic 1
a: no special abilities


You were on level 3 of the Dungeon.
You visited 1 branch of the dungeon, and saw 4 of its levels.

You collected 101 gold pieces.

Inventory:

Hand Weapons
 a - a +0 short sword (weapon)
 j - a +0 vampiric dagger
Missiles
 d - 5 boomerangs of dispersal
 k - a boomerang (quivered)
Armour
 b - a +0 leather armour (worn)
 f - a +2 pair of gloves (worn)
 h - a +0 cloak (worn)
 n - a +0 pair of boots (worn)
Jewellery
 e - a ring of see invisible (left hand)
Wands
 l - a wand of polymorph (7)
Scrolls
 c - a scroll of blinking
 g - a scroll of identify
 i - a scroll of teleportation


   Skills:
 + Level 2.5 Fighting
 + Level 2.3 Short Blades
 + Level 1.5 Throwing
 - Level 1.5 Armour
 + Level 2.4 Dodging
 - Level 2.3 Spellcasting
 + Level 3.1 Translocations


You had 5 spell levels left.
You knew the following spells:

 Your Spells              Type           Power      Damage    Failure   Level
a - Blink                 Tloc           24%        N/A       9%          2

Your spell library contained the following spells:

 Spells                   Type           Power      Damage    Failure   Level
 Gell's Gravitas          Tloc           12%        N/A       17%         3
 Lesser Beckoning         Tloc           12%        N/A       17%         3
 Teleport Other           Tloc           12%        N/A       17%         3
 Corpse Rot               Necr/Air       2%         N/A       32%         2
 Poisonous Vapours        Pois/Air       2%         N/A       32%         2
 Manifold Assault         Tloc           12%        N/A       83%         5


Dungeon Overview and Level Annotations

Branches:
Dungeon (4/15)
 Temple: D:4-7

Altars:
Makhleb

Shops:
D:1 [


Innate Abilities, Weirdness & Mutations

Your movements are slightly less encumbered by armour. (ER -2)
Spells you cast may paralyse adjacent enemies.


Message History

The orc is moderately wounded.
The orc hits you with a +0 flail!
* * * LOW HITPOINT WARNING * * *
You hit the orc but do no damage.
The orc is moderately wounded.
The orc hits you but does no damage.
It was a potion of might.
You feel very mighty all of a sudden. The orc hits you but does no damage.
You barely miss the orc.
The orc is moderately wounded.
The orc closely misses you.
You puncture the orc!
You kill the orc!
You hit the orc.
The orc is lightly wounded.
The orc misses you.
You closely miss the orc.
The orc is lightly wounded.
The orc hits you with a +2 mace of protection.
* * * LOW HITPOINT WARNING * * *
You barely miss the orc.
The orc is lightly wounded.
The orc hits you with a +2 mace of protection.
* * * LOW HITPOINT WARNING * * *
You closely miss the orc.
The orc is lightly wounded.
The orc hits you with a +2 mace of protection.
* * * LOW HITPOINT WARNING * * *
Casting: Blink (safe; 9% risk of failure)
Confirm with . or Enter, or press ? or * to list all spells.
You blink.
Malevolent energies surge around you.
Throw: boomerang
Press: ? - help, Q - select action, (/) - cycle Shift-Dir - straight line, f - orc
Aim: an orc, wielding a +2 mace of protection (lightly wounded, 57% to hit)
You throw a boomerang.
The boomerang hits the orc but does no damage.
The orc is lightly wounded.
The orc hits you with a +2 mace of protection.
You die...

##..')._.≈##.##........#
#.#
###≈#≈.§.≈⌠#..#........#
###.# #
#§#§§..≈##..#........#
#.†.# #
#≈#≈≈≈§≈##....#+######
##### #
#§##⌠#⌠#####..#.# #
#≈§######.##.>..# # ###
#.#####.# # #.#####.#
#..).o@.# #.####### #.#
#.# #.# ###


You could see an orc.

Vanquished Creatures
  Robin (D:3)
  A gnoll (D:3)
  An adder (D:2)
  2 worms (D:3)
  3 orcs (D:3)
  4 bats
  6 endoplasms
  2 giant cockroaches
  9 goblins
  8 hobgoblins
  2 jackals (D:1)
  2 quokkas
  6 ball pythons
  4 frilled lizards
  4 kobolds
  7 rats
62 creatures vanquished.

Vanquished Creatures (others)
  2 fungi (D:2)
2 creatures vanquished.

Grand Total: 64 creatures vanquished

Notes
Turn   | Place    | Note
-------+----------+-------------------------------------------
     0 | D:1      | frimble the Demonspawn Warper began the quest for the Orb.
     0 | D:1      | Reached XP level 1. HP: 16/16 MP: 3/3
    21 | D:1      | Reached skill level 1 in Armour
   423 | D:1      | Found Raixaren's Armour Shop.
   538 | D:1      | Reached skill level 1 in Throwing
   702 | D:1      | Gained mutation: Your movements are slightly less
                  | encumbered by armour. (ER -2) [demonic ancestry]
   702 | D:1      | Reached XP level 2. HP: 22/22 MP: 5/5
  1332 | D:2      | Found a faded altar of an unknown god.
  1388 | D:2      | Gained mutation: Spells you cast may paralyse adjacent
                  | enemies. [demonic ancestry]
  1388 | D:2      | Reached XP level 3. HP: 25/27 MP: 6/6
  2102 | D:3      | Reached skill level 3 in Translocations
  2352 | D:3      | Noticed Robin
  2381 | D:2      | Learned a level 2 spell: Blink
  2504 | D:3      | Killed Robin
  2505 | D:3      | Reached XP level 4. HP: 33/34 MP: 7/7
  2618 | D:3      | Found a burning altar of Makhleb.
  3430 | D:4      | Noticed a phantom
  3767 | D:3      | HP: 1/34 [orc (2)]
  3770 | D:3      | Slain by an orc

Illustrated notes

Levels and vault maps discovered:
D:1:      nicolae_arrival_memento_mori, layout_basic, serial_shops,
          shop_fountains
D:2:      layout_loops_ring, shapermc_ecumenical_altar_acropolis,
          minmay_tetromino_s2
D:3:      layout_basic, lightli_temple_of_fire, uniq_robin
D:4:      layout_basic, cheibriados_altar_1

Skill      XL: |  1  2  3 |
---------------+----------+-----
Armour         | 1 |  1.5
Throwing       | 1 |  1.5
Dodging        | 2 |  2.4
Short Blades   | 2 |  2.3
Translocations | 3 |  3.1
Fighting       | |  2.5
Spellcasting   | |  2.3

Action                   |  1- 3 |  4- 6 || total
-------------------------+-------+-------++-------
Melee: Short sword       |   159 |   105 ||   264
Throw: Boomerang         |       |     3 ||     3
 Cast: Blink             |       |     2 ||     2
  Use: Scroll            |     2 |     2 ||     4
       Potion            |       |     1 ||     1
 Stab: Sleeping          |     1 |       ||     1
Armor: Leather armour    |    40 |    28 ||    68
Dodge: Dodged            |   100 |    51 ||   151

Table legend: (Time is in decaauts)
 A = Elapsed time spent in this place.
 B = Non-inter-level travel time spent in this place.
 C = Inter-level travel time spent in this place.
 D = Time resting spent in this place.
 E = Time spent auto-exploring this place.
 F = Levels seen in this place.
 G = Mean time per level.
                   A        B        C        D        E       F      G
               +--------+--------+--------+--------+--------+-----+--------+
         Total |   3775 |   3451 |    324 |      0 |   2832 |   4 |  943.8 |
       Dungeon |   3775 |   3451 |    324 |      0 |   2832 |   4 |  943.8 |
               +--------+--------+--------+--------+--------+-----+--------+

Top non-repeatable levels by time:
     D:3: 1368 daAuts
     D:2: 1190 daAuts
     D:1: 1140 daAuts
     D:4: 75 daAuts
